AoeStats
← tigremaster

Pilgrims

508045316Analyzed
4v4 RM · 12d ago on Sep 20, 2026· 47m 57s· 8 players
Game mode
Random Map
Map size
Large (8 player)
Population
200
Speed
Normal
Resources
Standard
Victory
Conquest
Starting age
Dark Age
Ending age
Imperial Age
RankedLock teamsTeams togetherTeam positionsShared explorationLock speedFull tech treeHidden civsTurbo modeCheats
Victory
Defeat
🇦🇷 Huns · Argentina
1348
+10
🇨🇦 Dravidians · Canada
1328
+11
🇨🇭 Persians · Switzerland
1318
+11
🇨🇳 Japanese · China
1307
+12
🇦🇷 Sicilians · Argentina
1324
-14
🇺🇸 Wu · United States
1243
-12
🇦🇷 Italians · Argentina
1151
-9
🇪🇨 Armenians · Ecuador
1148
-9
[FORD]DarkHorse
12:20 Feudal Age
11:21 Loom
13:27 Double-Bit Axe
15:52 Castle Age
15:00 Fletching
16:55 Medium Warships
17:14 Bodkin Arrow
17:43 Clinker Construction
20:26 Fishing Lines
22:13 Siphons
24:21 Wheelbarrow
24:44 Wheelbarrow
25:08 Padded Archer Armor
28:42 Imperial Age
29:41 Hand Cart
30:11 Bow Saw
31:10 Bracer
31:25 Leather Archer Armor
32:13 Chemistry
31:29 Gillnets
32:46 Thumb Ring
34:00 Ring Archer Armor
35:32 Two-Man Saw
34:29 Gold Mining
41:21 Elite Skirmisher
41:22 Elite Elephant Archer
ChickenHunter
8:20 Loom
11:28 Feudal Age
19:12 Castle Age
25:06 Horse Collar
29:01 Fishing Lines
29:19 Double-Bit Axe
29:33 Fletching
30:43 Bow Saw
31:19 Heavy Plow
34:56 Wheelbarrow
37:03 Imperial Age
36:03 Wheelbarrow
35:14 Town Watch
35:46 Scale Barding Armor
35:51 Forging
38:05 Hand Cart
38:11 Chain Barding Armor
38:27 Iron Casting
38:29 Conscription
38:39 Bodkin Arrow
38:36 Elite War Elephant
44:12 Plate Barding Armor
44:13 Iron Casting
45:02 Citadels
45:28 Hoardings
46:24 Husbandry
46:35 Bloodlines
47:39 Guilds
Cleopatra
10:04 Feudal Age
8:19 Loom
10:09 Feudal Age
13:44 Castle Age
11:57 Horse Collar
12:21 Double-Bit Axe
15:00 Bow Saw
15:30 Wheelbarrow
15:43 Medium Warships
17:52 Heavy Plow
22:03 Loom
23:30 Gold Mining
26:31 Gold Shaft Mining
25:46 Stone Mining
27:45 Hand Cart
30:50 Imperial Age
29:06 Scale Barding Armor
29:12 Forging
29:45 Husbandry
29:55 Bloodlines
30:50 Chain Barding Armor
31:03 Cavalier
32:19 Plate Barding Armor
32:20 Iron Casting
33:08 Two-Man Saw
32:35 Conscription
35:34 Blast Furnace
34:25 Fletching
34:35 Padded Archer Armor
35:46 Thumb Ring
35:25 Elite Skirmisher
37:31 Bodkin Arrow
37:51 Leather Archer Armor
38:35 Bracer
37:58 Crossbowman
39:04 Parthian Tactics
38:50 Heavy Cavalry Archer
43:56 Chemistry
43:17 Ballistics
43:52 Light Cavalry
45:16 Scale Mail Armor
44:42 Hussar
1722767622
12:48 Feudal Age
13:14 Double-Bit Axe
14:22 Fishing Lines
16:49 Loom
19:32 Castle Age
19:06 Stone Mining
20:09 Town Watch
21:00 Wheelbarrow
21:02 Medium Warships
22:13 Fletching
24:15 Hand Cart
25:18 Gold Mining
25:44 Gillnets
26:26 Bow Saw
26:55 Yasama
27:51 Guard Tower
28:22 Ballistics
34:37 Imperial Age
33:23 Bodkin Arrow
33:31 Scale Mail Armor
33:42 Forging
36:03 Conscription
36:38 Keep
35:49 Arrowslits
37:05 Chemistry
35:49 Treadmill Crane
38:01 Bracer
38:41 Elite Samurai
43:04 Fortified Wall
43:26 Squires
43:12 Arson
47:26 Capped Ram
drcardio4361
7:42 Loom
15:27 Feudal Age
17:05 Fletching
23:12 Horse Collar
29:56 Castle Age
31:10 Town Watch
33:29 Wheelbarrow
34:49 Double-Bit Axe
37:07 Bow Saw
38:25 Forging
40:16 Heavy Plow
43:22 Bodkin Arrow
45:24 Padded Archer Armor
46:17 Ballistics
46:53 Leather Archer Armor
47:10 Gold Mining
Nelware1
6:47 Loom
10:07 Loom
12:37 Feudal Age
14:35 Double-Bit Axe
16:16 Gold Mining
20:15 Castle Age
18:51 Wheelbarrow
30:24 Bow Saw
30:46 Scale Mail Armor
30:32 Man-at-Arms
31:02 Gambesons
31:51 Forging
32:40 Gold Shaft Mining
32:13 Horse Collar
32:09 Long Swordsman
33:36 Heavy Plow
33:07 Two-Handed Swordsman
37:22 Pikeman
38:20 Town Watch
38:22 Champion
39:37 Halberdier
43:35 Iron Casting
43:16 Chain Mail Armor
kei 2026
3:48 Loom
10:44 Feudal Age
11:09 Fishing Lines
11:41 Double-Bit Axe
13:55 Stone Mining
14:01 Fletching
14:58 Scale Mail Armor
15:08 Forging
16:44 Gold Mining
19:32 Castle Age
20:39 Bow Saw
22:01 Wheelbarrow
23:37 Horse Collar
25:02 Town Watch
27:16 Hand Cart
28:10 Heavy Plow
33:43 Chain Mail Armor
34:06 Iron Casting
36:16 Imperial Age
34:56 Chain Mail Armor
35:56 First Crusade
36:33 Gold Shaft Mining
37:38 Conscription
38:52 Blast Furnace
39:31 Plate Mail Armor
40:22 Crop Rotation
41:17 Elite Serjeant
42:01 Squires
41:47 Arson
41:45 Pikeman
42:39 Bodkin Arrow
42:16 Crossbowman
42:34 Pikeman
43:37 Bracer
46:06 Chemistry
tigremaster
4:54 Loom
12:48 Feudal Age
13:49 Stone Mining
13:42 Fishing Lines
13:53 Double-Bit Axe
15:30 Fletching
15:28 Town Watch
19:33 Castle Age
18:46 Padded Archer Armor
19:27 Wheelbarrow
21:05 Bodkin Arrow
24:02 Gillnets
25:37 Silk Road
26:42 Leather Archer Armor
27:09 Horse Collar
31:09 Forging
33:45 Imperial Age
33:23 Iron Casting
36:56 Chemistry
37:44 Elite Genoese Crossbowman
42:23 Light Cavalry
43:16 Bloodlines
43:22 Hussar
Connection lost

Rejoining the realm…

Still unreachable

The connection could not be restored.

Session expired

The server has moved on; the page needs a fresh start.